 Dungeon Crawl Stone Soup version 0.27.1-4-g1640c2035a (webtiles) character file.

Game seed: 8976309057464161329

541 MisterFreud the Chopper (level 7, -4/60 HPs)
             Began as a Gnoll Wanderer on Nov 10, 2021.
             Was a Follower of Okawaru.
             Splashed by a jelly's acid (8 damage)
             ... on level 4 of the Dungeon.
             The game lasted 00:04:55 (3485 turns).

MisterFreud the Chopper (Gnoll Wanderer)            Turns: 3485, Time: 00:04:57

Health: -4/60      AC: -9    Str: 15    XL:     7   Next: 26%
Magic:  10/10      EV: 11    Int: 13    God:    Okawaru [*.....]
Gold:   97         SH:  0    Dex:  8    Spells: 10/10 levels left

rFire    + . .     SeeInvis .   a - +2 hand axe
rCold    . . .     Faith    .   (no shield)
rNeg     . . .     Spirit   .   f - +0 ring mail
rPois    .         Reflect  .   (no helmet)
rElec    .         Harm     .   t - scarf {repulsion}
rCorr    .         Rampage  .   (no gloves)
Will     .....                  (no boots)
Stlth    +.........             k - amulet of regeneration
HPRegen  1.20/turn              s - ring of protection from fire
MPRegen  0.12/turn              (no ring)

@: corroded, repel missiles
A: fangs 1, strong nose, distributed training
a: Renounce Religion, Heroism


You were on level 4 of the Dungeon.
You worshipped Okawaru.
Okawaru was aware of your devotion.
You visited 1 branch of the dungeon, and saw 4 of its levels.

You collected 119 gold pieces.
You spent 22 gold pieces at shops.

Inventory:

Hand Weapons
 a - a +2 hand axe (weapon)
Missiles
 d - 9 poisoned darts (quivered)
 r - 3 boomerangs
Armour
 b - a +0 ring mail
 f - a +0 ring mail (worn)
 t - a scarf of repulsion (worn)
Jewellery
 k - an amulet of regeneration (around neck)
 q - an amulet of the acrobat
 s - a ring of protection from fire (left hand)
Scrolls
 e - 2 scrolls of fog {unknown}
 g - 2 scrolls of teleportation {unknown}
 h - a scroll of silence {unknown}
 j - 2 scrolls of identify {unknown}
 l - a scroll of vulnerability {unknown}
 n - a scroll of fear {unknown}
 o - a scroll of summoning {unknown}
 p - 3 scrolls of torment {unknown}
Potions
 c - a potion of curing
 i - a potion of might {unknown}
 m - a potion of experience {unknown}
 u - a potion of mutation {unknown}


   Skills:
 + Level 7.0 Fighting
 + Level 2.3 Short Blades
 + Level 2.3 Long Blades
 + Level 7.0 Axes
 + Level 2.3 Maces & Flails
 + Level 2.3 Polearms
 + Level 2.3 Staves
 + Level 2.3 Slings
 + Level 2.3 Bows
 + Level 2.3 Crossbows
 + Level 5.2 Throwing
 + Level 5.2 Armour
 + Level 2.3 Dodging
 + Level 2.3 Stealth
 + Level 2.3 Shields
 + Level 2.3 Unarmed Combat
 + Level 2.3 Spellcasting
 + Level 1.9 Conjurations
 + Level 1.9 Hexes
 + Level 1.9 Summonings
 + Level 1.9 Necromancy
 + Level 1.9 Translocations
 + Level 1.9 Transmutations
 + Level 1.9 Fire Magic
 + Level 1.9 Ice Magic
 + Level 1.9 Air Magic
 + Level 1.9 Earth Magic
 + Level 1.9 Poison Magic
 + Level 2.6 Invocations
 + Level 2.3 Evocations


You had 10 spell levels left.
You didn't know any spells.
Your spell library contained the following spells:

 Spells                   Type           Power      Damage    Failure   Level
 Animate Skeleton         Necr           12%        N/A       21%         1
 Magic Dart               Conj           24%        1d4       21%         1
 Pain                     Necr           24%        1d5       21%         1
 Blink                    Tloc           N/A        N/A       30%         2
 Call Imp                 Summ           6%         N/A       30%         2
 Lesser Beckoning         Tloc           3%         N/A       52%         3
 Mephitic Cloud           Conj/Pois/Air  6%         N/A       52%         3
 Vampiric Draining        Necr           3%         2d6       52%         3
 Summon Lightning Spire   Summ/Air       6%         N/A       90%         4
 Manifold Assault         Tloc           6%         N/A       99%         5
 Storm Form               Tmut/Air       3%         N/A       100%        7
 Maxwell's Capacitive Co  Air            3%         ∞         100%        8


Dungeon Overview and Level Annotations

Branches:
Dungeon (4/15)
 Temple: D:4-7

Altars:
Ashenzari
Okawaru

Shops:
D:2 *(:


Innate Abilities, Weirdness & Mutations

You have very sharp teeth.
Your uncanny sense of smell can sniff out nearby items.
Your experience applies equally to all skills.


Message History

The jelly is lightly wounded.
The jelly barely misses you.
You slash the jelly! The acid corrodes you!
Your hands burn!
The jelly is moderately wounded.
The jelly hits you. The acid corrodes you!
You are splashed with acid!
You completely miss the jelly.
The jelly is moderately wounded.
The jelly hits you but does no damage.
You hit the jelly.
Your hands burn!
You bite the jelly.
The jelly is moderately wounded.
The jelly barely misses you.
You hit the jelly.
Your hands burn!
The jelly is heavily wounded.
The jelly barely misses you.
You hit the jelly.
Your hands burn!
The jelly is heavily wounded.
The jelly closely misses you.
You hit the jelly. The acid corrodes you!
Your hands burn!
You bite the jelly, but do no damage.
The jelly is heavily wounded.
The jelly hits you.
You are splashed with acid!
You hit the jelly but do no damage.
Your hands burn!
The jelly is heavily wounded.
The jelly closely misses you.
You hit the jelly but do no damage.
Your hands burn!
The jelly is heavily wounded.
The jelly hits you. The acid corrodes you!
You are splashed with acid!
You hit the jelly. The acid corrodes you!
Your hands burn!
The jelly is heavily wounded.
The jelly hits you.
* * * LOW HITPOINT WARNING * * *
You are splashed with acid!
* * * LOW HITPOINT WARNING * * *
You hit the jelly.
Your hands burn!
* * * LOW HITPOINT WARNING * * *
The jelly is severely wounded.
The jelly hits you.
* * * LOW HITPOINT WARNING * * *
The acid corrodes you!
You are splashed with acid!
You die...

#.........#.#..# ....
...#.#.>### ....
.....?...# ##### ...
...#....# .g..# ..#
#..#.... ###.# #.# ##
#..#..# ### ###.# #.#
#...#.#..######.. .##J#
#)# #....J@.......#.#
.##.# #g#
#...#.#######.#.# #g#
#g# #.
#.....###.#.####### #.#
#.# #......##.#...))...
#g# #.#
#......+....#######
##.###.#
#......####......##
#...†J.#
#......+.........##
########
#####......############
#..........+ .......


You could see a jelly.

Vanquished Creatures
  Grinder (D:4)
  An ogre (D:4)
  A jelly (D:3)
  An orc priest (D:3)
  A hound (D:4)
  Robin (D:4)
  4 gnolls (D:4)
  2 adders
  A white imp (D:3)
  An adder skeleton (D:4)
  A dart slug (D:3)
  2 orcs (D:3)
  8 ball pythons
  6 endoplasms
  2 giant cockroaches
  13 goblins
  8 hobgoblins
  2 jackals (D:2)
  3 quokkas (D:1)
  3 bats
  4 frilled lizards
  10 kobolds
  8 rats
84 creatures vanquished.

Vanquished Creatures (others)
  A goblin (D:4)
  A quokka (D:4)
2 creatures vanquished.

Grand Total: 86 creatures vanquished

Notes
Turn   | Place    | Note
-------+----------+-------------------------------------------
     0 | D:1      | MisterFreud the Gnoll Wanderer began the quest for the Orb.
     0 | D:1      | MisterFreud set off with the following items: a +2 hand
                  | axe, a +0 ring mail, a potion of curing
     0 | D:1      | Reached XP level 1. HP: 23/23 MP: 1/1
   110 | D:1      | Reached XP level 2. HP: 24/29 MP: 2/2
   169 | D:1      | Found an iron altar of Okawaru.
   710 | D:1      | Reached XP level 3. HP: 35/35 MP: 3/3
  1198 | D:2      | Found Nailaod's Antique Weapon Shoppe.
  1405 | D:2      | Found a broken altar of Ashenzari.
  1431 | D:2      | Found Zeram's Assorted Antiques.
  1442 | D:2      | Bought a viscous orange potion for 22 gold pieces
  1458 | D:2      | Reached skill level 1 in Invocations
  1513 | D:2      | Found Fufy's Book Boutique.
  1744 | D:1      | Became a worshipper of Warmaster Okawaru
  1830 | D:3      | Reached skill level 1 in Short Blades
  1830 | D:3      | Reached skill level 1 in Long Blades
  1830 | D:3      | Reached skill level 1 in Maces & Flails
  1830 | D:3      | Reached skill level 1 in Polearms
  1830 | D:3      | Reached skill level 1 in Staves
  1830 | D:3      | Reached skill level 1 in Slings
  1830 | D:3      | Reached skill level 1 in Bows
  1830 | D:3      | Reached skill level 1 in Crossbows
  1830 | D:3      | Reached skill level 1 in Dodging
  1830 | D:3      | Reached skill level 1 in Stealth
  1830 | D:3      | Reached skill level 1 in Shields
  1830 | D:3      | Reached skill level 1 in Unarmed Combat
  1830 | D:3      | Reached skill level 1 in Spellcasting
  1830 | D:3      | Reached skill level 1 in Evocations
  1921 | D:3      | Reached XP level 4. HP: 38/41 MP: 5/5
  2173 | D:3      | Reached skill level 1 in Conjurations
  2173 | D:3      | Reached skill level 1 in Hexes
  2173 | D:3      | Reached skill level 1 in Summonings
  2173 | D:3      | Reached skill level 1 in Necromancy
  2173 | D:3      | Reached skill level 1 in Translocations
  2173 | D:3      | Reached skill level 1 in Transmutations
  2173 | D:3      | Reached skill level 1 in Fire Magic
  2173 | D:3      | Reached skill level 1 in Ice Magic
  2173 | D:3      | Reached skill level 1 in Air Magic
  2173 | D:3      | Reached skill level 1 in Earth Magic
  2173 | D:3      | Reached skill level 1 in Poison Magic
  2878 | D:4      | Reached XP level 5. HP: 47/47 MP: 6/6
  2919 | D:4      | HP: 2/47 [acid (9)]
  3107 | D:4      | Reached XP level 6. HP: 53/53 MP: 8/8
  3158 | D:4      | Noticed Grinder
  3159 | D:4      | Paralysed by Grinder for 7 turns
  3179 | D:4      | Paralysed by Grinder for 3 turns
  3209 | D:4      | Killed Grinder
  3209 | D:4      | Reached * piety under Okawaru
  3210 | D:4      | Reached skill level 5 in Throwing
  3210 | D:4      | Reached skill level 5 in Armour
  3242 | D:4      | Found an iron altar of Okawaru.
  3294 | D:4      | Noticed Robin
  3320 | D:4      | Reached XP level 7. HP: 49/59 MP: 10/10
  3331 | D:4      | Killed Robin
  3485 | D:4      | Splashed by a jelly's acid

Illustrated notes

Levels and vault maps discovered:
D:1:      heliophobic_arrival_enchanted_forest, layout_loops_ring,
          minmay_hexomino_r4
D:2:      layout_loops_cross, basic_altar, serial_shops, nicolae_shop_crystal,
          shop_fountains, shop_fountains
D:3:      layout_basic
D:4:      layout_basic, kennysheep_okawaru_gauntlet, elyvilon_altar_4,
          nicolae_underground_beach, uniq_grinder, uniq_robin

Skill      XL: |  1  2  3  4  5  6  7 |
---------------+----------------------+-----
Invocations    | 1 2 |  2.6
Short Blades   | 1 2 |  2.3
Long Blades    | 1 2 |  2.3
Maces & Flails | 1 2 |  2.3
Polearms       | 1 2 |  2.3
Staves         | 1 2 |  2.3
Slings         | 1 2 |  2.3
Bows           | 1 2 |  2.3
Crossbows      | 1 2 |  2.3
Dodging        | 1 2 |  2.3
Stealth        | 1 2 |  2.3
Shields        | 1 2 |  2.3
Unarmed Combat | 1 2 |  2.3
Spellcasting   | 1 2 |  2.3
Evocations     | 1 2 |  2.3
Conjurations   | 1 |  1.9
Hexes          | 1 |  1.9
Summonings     | 1 |  1.9
Necromancy     | 1 |  1.9
Translocations | 1 |  1.9
Transmutations | 1 |  1.9
Fire Magic     | 1 |  1.9
Ice Magic      | 1 |  1.9
Air Magic      | 1 |  1.9
Earth Magic    | 1 |  1.9
Poison Magic   | 1 |  1.9
Throwing       | 5 |  5.2
Armour         | 5 |  5.2
Fighting       | 7 |  7.0
Axes           | 7 |  7.0

Action                   |  1- 3 |  4- 6 |  7- 9 || total
-------------------------+-------+-------+-------++-------
Melee: Hand axe          |   141 |   112 |    39 ||   292
       Bite              |     9 |     4 |     2 ||    15
       Punch             |       |     2 |     1 ||     3
Throw: Dart              |       |       |     2 ||     2
Armor: Ring mail         |    56 |    34 |     7 ||    97
Dodge: Dodged            |    73 |    62 |    12 ||   147
